 Dungeon Crawl Stone Soup version 0.32-a0-473-gd044c6f0f0 (webtiles) character file.

Game seed: 1580501309296174625

1834 ezpacito the Trooper (level 8, -5/42 HPs)
             Began as a Demonspawn Chaos Knight on Feb 26, 2024.
             Was a Plaything of Xom.
             Slain by an Executioner (9 damage)
             ... on level 1 of the Abyss.
             The game lasted 00:09:42 (4519 turns).

ezpacito the Trooper (Demonspawn Chaos Knight)      Turns: 4519, Time: 00:09:43

Health: -5/42      AC: 16    Str: 21    XL:     8   Next: 87%
Magic:  12/12      EV:  9    Int: 13    God:    Xom [.....*]
Gold:   206        SH:  4    Dex: 13    Spells: 4/13 levels left

rFire   . . .        a - +1 hand axe (chaos)
rCold   . . .        (no shield)
rNeg    . . .        m - +4 ring mail "Fotovoej" {-Cast rElec Str+5 Slay+5}
rPois   .            b - +0 helmet
rElec   +            s - +1 cloak
rCorr   .            (no gloves)
SInv    .            (no boots)
Will    +....        (no amulet)
Stlth   +            i - +4 ring of protection
HPRegen 0.00/turn    c - +6 ring of strength
MPRegen 0.13/turn

%: no spellcasting, random rage (9%)
@: about to teleport, attractive, sick, enlightened, flying, constricted,
studying Short Blades
A: sharp scales 2, condensation shield, demonic touch 1, [berserk 2], [deformed
body], [frail 3], [weak 2], [subdued magic 2], [inability to read after injury
2]
a: Renounce Religion


You were on level 1 of the Abyss.
You worshipped Xom.
You were Xom's teddy bear.
You visited 1 branch of the dungeon, and saw 6 of its levels.
You visited the Abyss 1 time.
You also visited: Sewer.

You collected 206 gold pieces.

Inventory:

Hand Weapons
 a - a +1 hand axe of chaos (weapon)
 w - a +6 dagger of pain
 E - a +0 war axe
Missiles
 d - a throwing net (quivered)
 g - 5 javelins
 r - 4 curare-tipped darts
 B - 3 poisoned darts
Armour
 b - a +0 helmet (worn)
 m - the +4 ring mail "Fotovoej" (worn) {-Cast rElec Str+5 Slay+5}
   (You found it on level 4 of the Dungeon)

   Str+5:     It affects your strength (+5).
   Slay+5:    It affects your accuracy & damage with ranged weapons and melee
   (+5).
   rElec:     It insulates you from electricity.
   -Cast:     It prevents spellcasting.
 s - a +1 cloak (worn)
 H - a +3 leather armour of positive energy
Jewellery
 c - a +6 ring of strength (right hand)
 i - a +4 ring of protection (left hand)
 l - a ring of fire
Wands
 t - a wand of flame (27)
 C - a wand of paralysis (9)
Scrolls
 e - a scroll of enchant armour
 f - a scroll of noise
Potions
 p - 2 potions of lignification
 q - a potion of curing
 u - a potion of experience {unknown}
 v - a potion of cancellation {unknown}
 x - 2 potions of mutation {unknown}
 z - 2 potions of invisibility {unknown}
 A - 2 potions of brilliance {unknown}
 F - 2 potions of might {unknown}


   Skills:
 * Level 4.5 Fighting
 * Level 4.2(4.4) Axes
 + Level 1.9(3.3) Polearms
 + Level 2.0 Throwing
 * Level 3.8 Armour
 * Level 3.1 Dodging
 + Level 1.9 Stealth
 * Level 2.8 Unarmed Combat
 * Level 3.2 Spellcasting
 * Level 2.0 Conjurations
 * Level 2.2 Summonings
 * Level 2.4 Necromancy
 + Level 1.0 Translocations
 + Level 0.9 Ice Magic
 * Level 2.4 Alchemy
 + Level 1.6 Evocations


You had 4 spell levels left.
You knew the following spells:

 Your Spells              Type           Power      Damage    Failure   Level
a - Apportation           Tloc           4%         N/A       17%         1
b - Necrotise             Necr           20%        1d5       9%          1
c - Sting                 Conj/Alch      16%        1d4       10%         1
d - Blink                 Tloc           4%         N/A       28%         2
e - Summon Small Mammal   Summ           16%        N/A       10%         1
f - Summon Ice Beast      Ice/Summ       3%         N/A       41%         3

Your spell library contained the following spells:

 Spells                   Type           Power      Damage    Failure   Level
 Freeze                   Ice            8%         1d3       17%         1
 Momentum Strike          Conj/Tloc      6%         3d8       21%         2
 Lesser Beckoning         Tloc           4%         N/A       28%         2
 Hailstorm                Conj/Ice       3%         3d5       43%         3
 Frozen Ramparts          Ice            4%         1d1       50%         3
 Sculpt Simulacrum        Ice/Alch       2%         N/A       100%        6


Dungeon Overview and Level Annotations

Branches:
Dungeon (6/15)              Sewer (visited)
 Temple: D:4-7

Altars:
Ashenzari
Hepliaklqana
Sif Muna
Trog

Shops:
D:1 [


Innate Abilities, Weirdness & Mutations

You are mostly covered in razor-sharp scales. (AC +2, Slay +2)
A meltable shield of frost defends you. (SH +4)
Your touch may inflict minor irresistible damage on your foes.
[You have an uncontrollable temper.]
[Armour fits poorly on your strangely shaped body.]
[You are extremely frail. (-30% HP)]
[You are very weak. (Str -4)]
[Your spells are easier to cast, but less powerful.]
[You sometimes lose the ability to read scrolls when taking damage.]


Message History

The Executioner hits you but does no damage. x2
The naga warrior spits poison at you. The splash of poison misses you.
The Executioner closely misses you. The Executioner hits you.
You block the Executioner's attack.
As you read the scroll labelled ATIACH VOMAHA, it dissolves into smoke.
It was a scroll of fog.
The Executioner hits you. The Executioner completely misses you.
The Executioner barely misses you. The Executioner completely misses you.
The Executioner hits you but does no damage. x2
The naga warrior hits you but does no damage.
The naga warrior grabs you. The naga warrior constricts you.
The Executioner hits you but does no damage.
The Executioner hits you.
The Executioner hits you but does no damage.
A tentacle flies out from the starspawn's body!
A starspawn tentacle comes into view.
Okay, then.
Okay, then.
It was a potion of attraction.
You feel attractive to monsters. The Executioner hits you!
The Executioner hits you but does no damage. x2
The Executioner hits you.
* * * LOW HITPOINT WARNING * * *
The Executioner hits you.
* * * LOW HITPOINT WARNING * * *
The Executioner hits you but does no damage.
You block the black mamba's attack.
The Executioner hits you but does no damage.
The Executioner barely misses you.
The Executioner hits you but does no damage.
The naga warrior closely misses you. The naga warrior constricts you.
* * * LOW HITPOINT WARNING * * *
It was a potion of enlightenment.
You feel very buoyant.
You fly up into the air.
You block the Executioner's attack.
The Executioner hits you but does no damage. x2
The black mamba closely misses you. The Executioner hits you!
You die...
Xom guffaws!

..§ ##.. # .........
# #. ...#.... 1§§§ #
# .#.##..#.....#§§ #
#.# #....#......§§#.
# . .#..####.... .
§§..4
..#.X#.##.#.#Λ#§#.#
...#<#. w.§uxX#──.#
##.#.uXw#.S#uN1#>#§#
#### ##. ..#@w§§#
###.#§§§§S§§§§§#
#..##§#§#§#§§§# #..
#§ §#.§# §§#
#.#§§##§.##§ §# §§.
§#.# §# # #. ### #§
##


You could see a cyan very ugly thing (poisoned), a tentacled starspawn, a naga
warrior (summoned, catching breath), an Executioner (fast), a black mamba
(summoned) and a starspawn tentacle.

Vanquished Creatures
  Pikel (D:4)
  A smoke demon (Abyss:1)
  A black bear (D:5)
  4 lemures (D:4)
  A phantom (D:5)
  4 scorpions
  A howler monkey (D:3)
  5 hounds
  An orc priest (D:5)
  A bombardier beetle (D:5)
  Crazy Yiuf (D:2)
  2 jellies
  Ijyb (D:4)
  Jessica (D:2)
  Natasha (thrice) (D:2)
  3 orc wizards (D:5)
  Robin (D:2)
  6 adders
  A gnoll (D:6)
  A white imp (Abyss:1)
  5 orcs (D:5)
  5 endoplasms
  A giant cockroach (D:3)
  11 goblins (D:2)
  6 hobgoblins
  16 kobolds
  A quokka (D:3)
  11 ball pythons
  8 bats
  2 frilled lizards
  8 rats
114 creatures vanquished.

Vanquished Creatures (collateral kills)
  An orc (D:4)
  A rat (Sewer)
2 creatures vanquished.

Vanquished Creatures (others)
  A kobold zombie (Sewer)
  6 starspawn tentacles (Abyss:1)
7 creatures vanquished.

Grand Total: 123 creatures vanquished

Notes
Turn   | Place    | Note
-------+----------+-------------------------------------------
     0 | D:1      | ezpacito the Demonspawn Chaos Knight began the quest for
                  | the Orb.
     0 | D:1      | Reached XP level 1. HP: 18/18 MP: 1/1
    26 | D:1      | Found Lesmitijao's Antique Armour Shoppe.
   129 | D:1      | XOM: divination: detect items
   262 | D:1      | Reached skill level 1 in Dodging
   262 | D:1      | Gained mutation: You are partially covered in razor-sharp
                  | scales. (AC +1, Slay +1) [demonic ancestry]
   262 | D:1      | Reached XP level 2. HP: 22/24 MP: 3/3
   311 | D:1      | XOM: silly message
   407 | D:1      | XOM: divination: detect items
   658 | D:2      | Found a runed translucent door.
   659 | D:2      | Noticed Crazy Yiuf
   723 | D:2      | Noticed Robin
   733 | D:2      | XOM: divination: magic mapping
   762 | D:2      | Reached XP level 3. HP: 26/26 MP: 4/4
   772 | D:2      | XOM: noise
   782 | D:2      | Killed Robin
   783 | D:2      | Reached skill level 1 in Spellcasting
   960 | D:2      | Noticed Natasha
   968 | D:2      | Killed Natasha
   969 | D:2      | Reached XP level 4. HP: 35/35 MP: 5/5
  1066 | D:2      | Noticed Jessica
  1067 | D:2      | XOM: noise
  1072 | D:2      | Killed Jessica
  1073 | D:2      | Reached skill level 1 in Unarmed Combat
  1298 | D:2      | Killed Crazy Yiuf
  1299 | D:2      | Gained mutation: You are mostly covered in razor-sharp
                  | scales. (AC +2, Slay +2) [demonic ancestry]
  1299 | D:2      | Reached XP level 5. HP: 11/41 MP: 7/7
  1604 | D:2      | Noticed Natasha
  1614 | D:2      | Killed Natasha
  1748 | D:2      | Noticed Natasha
  1753 | D:2      | Killed Natasha
  1815 | D:3      | Found a glowing drain.
  1829 | Sewer    | Entered a sewer
  1843 | Sewer    | XOM: draining
  2010 | Sewer    | Reached skill level 1 in Polearms
  2270 | D:3      | Reached skill level 1 in Throwing
  2270 | D:3      | Reached XP level 6. HP: 45/46 MP: 8/8
  2280 | D:3      | Found a faded altar of an unknown god.
  2479 | D:3      | Found a broken altar of Ashenzari.
  2568 | D:3      | XOM: scenery: summon butterflies
  2778 | D:4      | Reached skill level 1 in Stealth
  2903 | D:4      | Found a bloodstained altar of Trog.
  2913 | D:4      | XOM: summons friendly quasit
  3047 | D:4      | Learned a level 1 spell: Apportation
  3049 | D:4      | Learned a level 1 spell: Necrotise
  3051 | D:4      | Learned a level 1 spell: Sting
  3054 | D:4      | Learned a level 2 spell: Blink
  3056 | D:4      | Learned a level 1 spell: Summon Small Mammal
  3060 | D:4      | Learned a level 3 spell: Summon Ice Beast
  3155 | D:4      | Found a shimmering blue altar of Sif Muna.
  3185 | D:4      | XOM: silly message
  3214 | D:4      | Identified the +4 ring mail "Fotovoej" {-Cast rElec Str+5
                  | Slay+5}
  3334 | D:4      | Noticed Ijyb
  3336 | D:4      | Paralysed by Ijyb for 2 turns
  3338 | D:4      | Killed Ijyb
  3339 | D:4      | Gained mutation: A meltable shield of frost defends you.
                  | (SH +4) [demonic ancestry]
  3339 | D:4      | Reached XP level 7. HP: 53/53 MP: 10/10
  3354 | D:4      | Noticed Pikel
  3358 | D:4      | XOM: potion effect (invisibility)
  3375 | D:4      | Killed Pikel
  3376 | D:4      | Reached skill level 1 in Conjurations
  3376 | D:4      | Reached skill level 1 in Summonings
  3376 | D:4      | Reached skill level 1 in Necromancy
  3376 | D:4      | Reached skill level 1 in Alchemy
  3376 | D:4      | Reached skill level 1 in Evocations
  3502 | D:4      | XOM: silly message
  3525 | D:5      | Entered Level 5 of the Dungeon
  3557 | D:5      | Gained mutation: Your touch may inflict minor irresistible
                  | damage on your foes. [demonic ancestry]
  3557 | D:5      | Reached XP level 8. HP: 58/60 MP: 11/11
  3613 | D:5      | XOM: potion effect (invisibility)
  3736 | D:5      | XOM: silly message
  3911 | D:5      | XOM: silly message
  3919 | D:5      | XOM: silly message
  3964 | D:5      | XOM: potion effect (attraction)
  3989 | D:5      | XOM: divination: detect items
  4132 | D:5      | Found a hazy altar of Hepliaklqana.
  4239 | D:5      | XOM: silly message
  4313 | D:4      | XOM: divination: detect creatures
  4395 | Abyss:1  | Cast into level 1 of the Abyss (gnoll)
  4406 | Abyss:1  | Found a corrupted altar of Lugonu.
  4409 | Abyss:1  | Noticed a wretched star
  4416 | Abyss:1  | XOM: silly message
  4452 | Abyss:1  | Noticed a smoke demon
  4459 | Abyss:1  | XOM: summons friendly quasit
  4464 | Abyss:1  | Killed a smoke demon
  4465 | Abyss:1  | Reached skill level 1 in Translocations
  4471 | Abyss:1  | Noticed an ancient zyme
  4480 | Abyss:1  | XOM: enchant monster (bad)
  4491 | Abyss:1  | Noticed a cyan very ugly thing
  4495 | Abyss:1  | Noticed an ancient zyme
  4502 | Abyss:1  | Noticed a tentacled starspawn
  4509 | Abyss:1  | Noticed a worldbinder
  4511 | Abyss:1  | Noticed an Executioner
  4513 | Abyss:1  | XOM: summons friendly iron imp
  4516 | Abyss:1  | Noticed a naga warrior
  4516 | Abyss:1  | Noticed a black mamba
  4516 | Abyss:1  | Noticed a black mamba
  4519 | Abyss:1  | Slain by an Executioner

Illustrated notes

Levels and vault maps discovered:
D:1:      nicolae_arrival_memento_mori, layout_rooms, serial_shops,
          nicolae_shop_waterfront
D:2:      layout_basic, uniq_crazy_yiuf_cottage, uniq_robin, uniq_natasha,
          uniq_jessica
D:3:      layout_rooms, mainiacjoe_overflow_alcove_4,
          hellmonk_ecumenical_altar_arch_garden, cheibrodos_sewer_entry_sluice
D:4:      layout_basic, lemuel_blue_sif_altar, lemuel_tele_altar,
          minmay_crystal_room, hangedman_decor_growths, uniq_pikel, uniq_ijyb
D:5:      layout_cave_pools, nzn_hepliaklqana_mist_gate,
          minmay_misc_feat_rugged, palyth_stone_intersect
D:6:      layout_rooms, nicolae_dithmenos_shadow_blocks, uniq_grinder
Abyss:1:  base:
D:5

Skill      XL: |  1  2  3  4  5  6  7  8 |
---------------+-------------------------+-----
Dodging        | 1 2 3 |  3.1
Armour         | 2 3 |  3.8
Spellcasting   | 1 2 3 |  3.2
Axes           | 3 4 |  4.2
Unarmed Combat | 1 2 |  2.8
Polearms       | 1 |  1.9
Throwing       | 1 2 |  2.0
Stealth        | 1 |  1.9
Fighting       | 4 |  4.5
Conjurations   | 1 2 |  2.0
Summonings     | 1 2 |  2.2
Necromancy     | 1 2 |  2.4
Alchemy        | 1 2 |  2.4
Evocations     | 1 |  1.6
Translocations | 1 |  1.0
Ice Magic      | |  0.9

Action                     |  1- 3 |  4- 6 |  7- 9 || total
---------------------------+-------+-------+-------++-------
  Melee: Hand axe          |    75 |   175 |    67 ||   317
         Touch             |       |       |     9 ||     9
  Evoke: Wand              |       |       |     2 ||     2
    Use: Potion            |     3 |       |     8 ||    11
         Scroll            |     1 |     8 |     5 ||    14
   Stab: Distracted        |     1 |     1 |       ||     2
         Paralysed         |       |     1 |       ||     1
         Invisible         |       |       |     4 ||     4
 Armour: Leather armour    |    14 |       |       ||    14
         Chain mail        |    45 |   142 |       ||   187
         Ring mail         |       |     3 |    86 ||    89
  Dodge: Dodged            |    26 |    77 |    48 ||   151
  Block: Other             |       |       |    17 ||    17

Table legend: (Time is in decaauts)
 A = Elapsed time spent in this place.
 B = Non-inter-level travel time spent in this place.
 C = Inter-level travel time spent in this place.
 D = Time resting spent in this place.
 E = Time spent auto-exploring this place.
 F = Levels seen in this place.
 G = Mean time per level.
                   A        B        C        D        E       F      G
               +--------+--------+--------+--------+--------+-----+--------+
         Total |   4554 |   3974 |    580 |     95 |   2872 |   8 |  569.2 |
       Dungeon |   4088 |   3508 |    580 |     95 |   2698 |   6 |  681.3 |
         Abyss |    124 |    124 |      0 |      0 |      0 |   1 |  124.0 |
         Sewer |    341 |    341 |      0 |      0 |    174 |   1 |  341.0 |
               +--------+--------+--------+--------+--------+-----+--------+

Top non-repeatable levels by time:
     D:2: 1283 daAuts
     D:4: 947 daAuts
     D:5: 759 daAuts
     D:3: 582 daAuts
     D:1: 507 daAuts
   Sewer: 341 daAuts
 Abyss:1: 124 daAuts
     D:6: 8 daAuts
